 Dungeon Crawl Stone Soup version 0.22-a0-322-g60b3cfd402 (webtiles) character file.

442 MirrMurr the Ducker (level 6, -4/32 HPs)
             Began as a Spriggan Berserker on Apr 3, 2018.
             Was a Believer of Trog.
             Killed from afar by an orc wizard (9 damage)
             ... with a puff of flame
             ... on level 4 of the Dungeon.
             The game lasted 00:07:35 (3066 turns).

MirrMurr the Ducker (Spriggan Berserker)            Turns: 3066, Time: 00:07:36

Health: -4/32      AC:  2    Str: 15    XL:     6   Next: 71%
Magic:  7/7        EV: 21    Int:  9    God:    Trog [**....]
Gold:   260        SH:  0    Dex: 15    Spells: 5/5 levels left

rFire    . . .     SeeInvis +   a - +3 hunting sling (flame)
rCold    . . .     Gourm    .   (shield restricted)
rNeg     . . .     Faith    .   u - +0 robe
rPois    .         Spirit   .   (helmet restricted)
rElec    .         Reflect  .   (no cloak)
rCorr    .         Harm     .   (gloves unavailable)
MR       +++..                  (boots unavailable)
Stlth    +++.......             (no amulet)
HPRegen  1.10/turn              (no ring)
MPRegen  0.10/turn              (no ring)

@: regenerating, very quick
A: very small, unfitting armour, see invisible, herbivore, speed 3, slow
metabolism 2
a: Berserk, Trog's Hand, Renounce Religion


You were on level 4 of the Dungeon.
You worshipped Trog.
Trog was pleased with you.
You were not hungry.

You visited 1 branch of the dungeon, and saw 4 of its levels.

You collected 260 gold pieces.

Inventory:

Hand Weapons
 a - a +3 hunting sling of flaming (weapon)
 b - a +0 spear
 w - a +0 dagger
Missiles
 d - 17 stones (quivered)
 e - 23 sling bullets
 f - 7 curare-tipped needles
 k - 13 bolts
 m - 36 arrows
Armour
 u - a +0 robe (worn)
Jewellery
 n - an uncursed amulet of harm {unknown}
Wands
 s - a wand of polymorph (11)
Scrolls
 r - a scroll of remove curse
Potions
 g - a potion of ambrosia
 h - a potion of resistance
 l - a potion of invisibility
 o - 2 potions of curing {unknown}
 t - 2 potions of heal wounds
Comestibles
 c - 6 rations


   Skills:
 - Level 2.4 Fighting
 * Level 4.1 Polearms
 + Level 2.6 Slings
 + Level 6.4 Dodging
 + Level 4.9 Stealth


You had 5 spell levels left.
You didn't know any spells.

Dungeon Overview and Level Annotations

Branches:
Dungeon (4/15)
 Temple: D:4-7

Altars:
Ashenzari
Elyvilon
Okawaru
Ru
Trog
Vehumet
Zin


Innate Abilities, Weirdness & Mutations

You are very small and have problems with some larger weapons.
You are too small for most types of armour.
You have supernaturally acute eyesight. (SInv)
You are a herbivore.
You cover ground extremely quickly.
You need to consume almost no food.


Message History

* * * LOW HITPOINT WARNING * * *
Firing (i - inventory. (/) - cycle)
d - 19 stones (quivered)
Press: ? - help, Shift-Dir - straight line, f/p - orc wizard
Aim: an orc wizard, wielding a dagger and wearing a robe (almost dead, fast)
You shoot a stone. The stone hits the orc wizard.
The stone burns the orc wizard.
You kill the orc wizard!
Trog accepts your kill.
Trog appreciates your killing of a magic user.
The orc wizard gestures at you while chanting.
The puff of flame hits you!
* * * LOW HITPOINT WARNING * * *
Firing (i - inventory. (/) - cycle)
d - 18 stones (quivered)
Press: ? - help, Shift-Dir - straight line, f - orc wizard
Aim: an orc wizard, wielding a dagger and wearing a robe (severely wounded)
You shoot a stone.
The stone completely misses the orc wizard.
The orc wizard casts a spell at you. The puff of flame hits you!
You die...

#.......#
###.......#....(#
#.#.........+..o.(#
#...<.......#.....
######..######..(#
#........(.(######
######.#######.......%#
#............#(o......#
#.#####.####@#o.......##
#.# #)#.......... #.#
#o#...o....## #.#
#.#..†....... #.#
#(###......## #.#
#(..(o.....+ #.#
#####h.....# #......#
#h.....#


You could see an orc wizard.

Vanquished Creatures
  Sigmund (D:3)
  A scorpion (D:3)
  A hound (D:4)
  2 orc wizards (D:4)
  6 adders
  3 oozes
  3 worms
  2 dart slugs (D:1)
  3 leopard geckos
  4 orcs
  9 bats
  5 giant cockroaches
  3 goblins (D:1)
  3 hobgoblins (D:1)
  6 jackals
  A quokka (D:3)
  A ball python (D:2)
  3 frilled lizards
  12 kobolds
  5 rats
  2 fungi (D:1)
76 creatures vanquished.

Notes
Turn   | Place    | Note
-------+----------+-------------------------------------------
     0 | D:1      | MirrMurr the Spriggan Berserker began the quest for the Orb.
     0 | D:1      | Reached XP level 1. HP: 11/11 MP: 2/2
   133 | D:1      | Reached skill level 1 in Stealth
   184 | D:1      | Reached XP level 2. HP: 5/16 MP: 3/3
   664 | D:1      | Reached XP level 3. HP: 17/19 MP: 4/4
   836 | D:1      | Reached skill level 5 in Dodging
   853 | D:1      | Reached ** piety under Trog
  1260 | D:2      | Found a bloodstained altar of Trog.
  1260 | D:2      | Found a white marble altar of Elyvilon.
  1261 | D:2      | Found a sacrificial altar of Ru.
  1818 | D:2      | Reached XP level 4. HP: 20/23 MP: 5/5
  1827 | D:2      | Found a radiant altar of Vehumet.
  1950 | D:2      | Found an iron altar of Okawaru.
  2262 | D:3      | Found a shattered altar of Ashenzari.
  2262 | D:3      | Found a glowing silver altar of Zin.
  2324 | D:3      | Noticed Sigmund
  2341 | D:3      | Killed Sigmund
  2341 | D:3      | Reached skill level 6 in Dodging
  2341 | D:3      | Reached XP level 5. HP: 27/27 MP: 6/6
  2441 | D:3      | Reached XP level 6. HP: 32/32 MP: 7/7
  3066 | D:4      | Killed from afar by an orc wizard

Vault maps used:
D:1:      saegor_arrival_simple_c, minmay_gold_behind_fungi
D:2:      okawaru_metal_pillars_1_2, lemuel_round_altar,
          gammafunk_temple_overflow_claw, serial_curves, eino_curves_02,
          eino_curves_01
D:3:      gammafunk_temple_overflow_elements, uniq_sigmund
D:4:      cheibrodos_pilgrimage, bloody_trog

Skill      XL: |  1  2  3  4  5  6 |
---------------+-------------------+-----
Stealth        | 1 2 4 |  4.9
Dodging        | 5 6 |  6.4
Polearms       | 3 4 |  4.1
Slings         | 2 |  2.6
Fighting       | |  2.4

Action                   |  1- 3 |  4- 6 || total
-------------------------+-------+-------++-------
Melee: Spear             |   218 |    52 ||   270
 Fire: Hunting sling     |       |    82 ||    82
Invok: Trog's Hand       |       |     3 ||     3
       Berserk           |       |     1 ||     1
  Use: Scroll            |     3 |     8 ||    11
 Stab: Sleeping          |     6 |       ||     6
       Distracted        |     1 |       ||     1
  Eat: Ration            |       |     1 ||     1
Armor: Animal skin       |     9 |     1 ||    10
Dodge: Dodged            |   117 |    46 ||   163

Table legend:
 A = Spawn XP
 B = Non-spawn XP
 C = Spawn XP percentage of total XP
 D = Spawn monster count
 E = Non-spawn monster count
 F = Spawn count percentage of total count
 G = Total turns spent on level
                    A         B        C        D         E        F      G
               +---------+---------+-------+---------+---------+-------+---------
         Total |       0 |     632 |   0.0 |       0 |      74 |   0.0 |  3066
               +---------+---------+-------+---------+---------+-------+---------
           D:1 |       0 |      65 |   0.0 |       0 |      30 |   0.0 |  1206
           D:2 |       0 |      59 |   0.0 |       0 |      19 |   0.0 |   971
           D:3 |       0 |     367 |   0.0 |       0 |      18 |   0.0 |   784
           D:4 |       0 |     141 |   0.0 |       0 |       7 |   0.0 |   105
               +---------+---------+-------+---------+---------+-------+---------
